Selects Luftwaffe Battlegroup
Selects Luftwaffe Pioneer Support
Fallschirmpioneer Squad Paradrop
Construct Infanterie Kompanie
Infanterie Officer Quarters
Construct Luftwaffe Kompanie
Selects Reconnaissance Run
Selects Fallschirmjäger Squad Paradrop
Fallschirmjäger Squad Paradrop
Luftwaffe Officer Quarters
Marder III M Tank Destroyer
Selects Flak 38 Anti-Air Emplacement
Selects Infantry Reserves
Fallschirmjäger Squad Paradrop